 Dungeon Crawl Stone Soup version 0.31-a0-271-gb88eb75e06 (webtiles) character file.

Game seed: 3893145810743245988

704 funkygono the Chopper (level 7, -6/61 HPs)
             Began as a Minotaur Fighter on July 14, 2023.
             Mangled by an ice beast (9 damage)
             ... on level 5 of the Dungeon.
             The game lasted 00:04:55 (3110 turns).

funkygono the Chopper (Minotaur Fighter)            Turns: 3110, Time: 00:04:55

Health: -6/61      AC:  7    Str: 22    XL:     7   Next: 39%
Magic:  6/6        EV: 10    Int:  5    God:
Gold:   201        SH:  4    Dex: 10    Spells: 6/6 levels left

rFire   . . .        a - +0 war axe
rCold   . . .        c - +0 buckler
rNeg    . . .        b - +0 scale mail
rPois   .            (helmet restricted)
rElec   .            (no cloak)
rCorr   .            (no gloves)
SInv    .            (no boots)
Will    .....        (no amulet) Stlth
                     (no ring)
HPRegen 0.30/turn    (no ring)
MPRegen 0.10/turn

%: no passive effects
@: studying Dodging
A: horns 2, retaliatory headbutt
a: no special abilities


You were on level 5 of the Dungeon.
You visited 1 branch of the dungeon, and saw 5 of its levels.

You collected 201 gold pieces.

Inventory:

Hand Weapons
 a - a +0 war axe (weapon)
Missiles
 h - 22 stones (quivered)
 k - 2 throwing nets
 s - 9 boomerangs
 w - 4 poisoned darts
Armour
 b - a +0 scale mail (worn)
 c - a +0 buckler (worn)
Wands
 x - a wand of flame (9)
 y - a wand of paralysis (8)
 z - a wand of roots (10)
Scrolls
 e - a scroll of poison {unknown}
 f - a scroll of amnesia {unknown}
 j - 4 scrolls of identify {unknown}
 m - a scroll of torment {unknown}
 n - a scroll of fear {unknown}
 q - a scroll of immolation {unknown}
 u - a scroll of vulnerability {unknown}
Potions
 d - a potion of might
 g - a potion of attraction {unknown}
 i - 2 potions of brilliance {unknown}
 l - 3 potions of curing {unknown}
 o - 2 potions of degeneration {unknown}
 p - 3 potions of berserk rage {unknown}
 r - a potion of enlightenment {unknown}
 t - a potion of invisibility {unknown}
 v - 2 potions of heal wounds {unknown}


   Skills:
 + Level 5.5 Fighting
 + Level 6.8 Axes
 + Level 0.2 Throwing
 + Level 5.4 Armour
 + Level 2.6 Dodging
 + Level 0.4 Stealth
 + Level 4.6 Shields


You had 6 spell levels left.
You didn't know any spells.
Your spell library contained the following spells:

 Spells                   Type           Power      Damage    Failure   Level
 Freeze                   Ice            0%         1d3       85%         1
 Slow                     Hex            0%         N/A       85%         1
 Cigotuvi's Dreadful Rot  Necr/Pois/Air  0%         N/A       94%         2
 Confusing Touch          Hex            0%         N/A       99%         3
 Frozen Ramparts          Ice            0%         1d1       99%         3
 Hailstorm                Conj/Ice       0%         3d3       99%         3
 Ignite Poison            Fire/Tmut/Pois 0%         N/A       99%         3
 Vampiric Draining        Necr           0%         2d6       99%         3
 Freezing Cloud           Conj/Ice/Air   0%         6-21      100%        5


Dungeon Overview and Level Annotations

Branches:
Dungeon (5/15)
 Temple: D:4-7

Altars:

Shops:
D:2 (


Innate Abilities, Weirdness & Mutations

You have a pair of horns on your head.
You reflexively headbutt those who attack you in melee.


Message History

The gnoll barely misses you.
You slash the gnoll!
You kill the gnoll!
You hit the gnoll. The gnoll barely misses you.
Unknown command.
You barely miss the gnoll bouda. Your headbutt misses the gnoll bouda.
You hit the gnoll but do no damage. The gnoll bouda completely misses you.
The gnoll closely misses you. The ice beast hits you.
The ice beast freezes you!
The gnoll bouda hits you with a +0 whip.
You slash the gnoll!
You kill the gnoll!
You hit the gnoll bouda. You closely miss the ice beast.
The ice beast hits you. The ice beast freezes you.
The gnoll bouda hits you with a +0 whip.
Unknown command.
You closely miss the gnoll. You barely miss the gnoll bouda.
You closely miss the ice beast. The gnoll hits you but does no damage.
The gnoll bouda hits you with a +0 whip!
The ice beast hits you but does no damage.
You hit the gnoll but do no damage. You headbutt the gnoll.
The gnoll is moderately wounded.
You hit the gnoll bouda. You hit the ice beast but do no damage.
The gnoll hits you with a +0 whip.
* * * LOW HITPOINT WARNING * * *
You block the gnoll bouda's attack. The ice beast hits you.
* * * LOW HITPOINT WARNING * * *
The ice beast freezes you!
* * * LOW HITPOINT WARNING * * *
You closely miss the gnoll. You headbutt the gnoll.
The gnoll is heavily wounded.
You hit the ice beast. You hit the gnoll bouda. The gnoll barely misses you.
You furiously retaliate!
You headbutt the gnoll. The gnoll bouda completely misses you.
You furiously retaliate!
You headbutt the gnoll bouda.
You kill the gnoll bouda!
The ice beast hits you.
* * * LOW HITPOINT WARNING * * *
The ice beast freezes you!
You die...

.#
.....#
..#
.....
.:.#
....
#...#
...#
#...#
...#
#..w#
..#
#..)#..#
#.g@..#
##Y..##
##<.#
##!# .#
.. #.#
.# ..


You could see an ice beast, a gnoll (swift) and a dart slug.

Vanquished Creatures
  Sigmund (D:4)
  Eustachio (D:4)
  A phantom (D:4)
  The ghost of Nonseq the Gusty, an amateur OpAE (D:3)
  A gnoll bouda (D:5)
  2 iguanas (D:4)
  Ijyb (D:4)
  Robin (D:3)
  3 gnolls
  4 adders
  2 worms (D:3)
  3 dart slugs (D:2)
  2 orcs
  3 ball pythons
  13 bats
  6 endoplasms
  2 giant cockroaches
  17 goblins
  10 hobgoblins
  2 jackals (D:2)
  6 quokkas
  6 frilled lizards
  8 kobolds
  3 rats
99 creatures vanquished.

Notes
Turn   | Place    | Note
-------+----------+-------------------------------------------
     0 | D:1      | funkygono the Minotaur Fighter began the quest for the Orb.
     0 | D:1      | Reached XP level 1. HP: 19/19 MP: 0/0
   267 | D:1      | Reached XP level 2. HP: 27/27 MP: 1/1
   595 | D:1      | Reached XP level 3. HP: 34/34 MP: 2/2
   965 | D:2      | Reached skill level 3 in Axes
  1111 | D:2      | Reached XP level 4. HP: 41/41 MP: 3/3
  1230 | D:2      | Found Ogheamac's Weapon Shoppe.
  1726 | D:3      | Noticed Robin
  1745 | D:3      | Killed Robin
  1746 | D:3      | Reached skill level 1 in Dodging
  1983 | D:3      | Found a runed translucent door.
  1983 | D:3      | Noticed Nonseq's ghost (amateur OpAE)
  2004 | D:3      | Found a faded altar of an unknown god.
  2338 | D:3      | Killed Nonseq's ghost
  2339 | D:3      | Reached skill level 5 in Fighting
  2339 | D:3      | Reached skill level 4 in Axes
  2339 | D:3      | Reached XP level 5. HP: 45/48 MP: 4/4
  2435 | D:4      | Noticed Eustachio
  2442 | D:4      | Killed Eustachio
  2443 | D:4      | Reached skill level 5 in Axes
  2443 | D:4      | Reached XP level 6. HP: 56/56 MP: 5/5
  2506 | D:4      | Reached skill level 5 in Armour
  2555 | D:4      | Noticed Ijyb
  2556 | D:4      | Paralysed by Ijyb for 2 turns
  2566 | D:4      | Killed Ijyb
  2567 | D:4      | Reached skill level 6 in Axes
  2682 | D:4      | Reached XP level 7. HP: 50/61 MP: 6/6
  2750 | D:4      | Noticed Sigmund
  2759 | D:4      | Killed Sigmund
  3100 | D:5      | Entered Level 5 of the Dungeon
  3109 | D:5      | HP: 3/61 [ice beast (8)]
  3110 | D:5      | Mangled by an ice beast

Illustrated notes

Levels and vault maps discovered:
D:1:      eino_arrival_water_star, layout_loops_ring, serial_bayou_ford_a
D:2:      layout_basic, serial_shops, nicolae_shop_peninsula, grunt_decor_cap,
          chequers_serial_rivers_small_a, cheibrodos_gnoll_hut
D:3:      layout_basic, basic_ecumenical_altar, gammafunk_ghost_grave,
          chequers_avenue, uniq_robin
D:4:      layout_gridville, uniq_ijyb, uniq_sigmund, uniq_eustachio
D:5:      layout_cave_pods, okawaru_ov_weapons_minmay

Skill      XL: |  1  2  3  4  5  6 |
---------------+-------------------+-----
Fighting       | 4 5 |  5.5
Shields        | 4 |  4.6
Armour         | 4 5 |  5.4
Axes           | 3 4 5 6 |  6.8
Dodging        | 1 2 |  2.6
Throwing       | |  0.2
Stealth        | |  0.4

Action                     |  1- 3 |  4- 6 |  7- 9 || total
---------------------------+-------+-------+-------++-------
  Melee: War axe           |    91 |   112 |    21 ||   224
         Headbutt          |     9 |    16 |     2 ||    27
  Throw: Stone             |       |     7 |       ||     7
    Use: Potion            |       |     1 |       ||     1
 Armour: Scale mail        |    45 |    56 |    12 ||   113
  Dodge: Dodged            |    46 |    38 |    15 ||    99
  Block: Buckler           |    24 |    22 |     3 ||    49

Table legend: (Time is in decaauts)
 A = Elapsed time spent in this place.
 B = Non-inter-level travel time spent in this place.
 C = Inter-level travel time spent in this place.
 D = Time resting spent in this place.
 E = Time spent auto-exploring this place.
 F = Levels seen in this place.
 G = Mean time per level.
                   A        B        C        D        E       F      G
               +--------+--------+--------+--------+--------+-----+--------+
         Total |   3201 |   3072 |    129 |      0 |   2370 |   5 |  640.2 |
       Dungeon |   3201 |   3072 |    129 |      0 |   2370 |   5 |  640.2 |
               +--------+--------+--------+--------+--------+-----+--------+

Top non-repeatable levels by time:
     D:1: 867 daAuts
     D:2: 821 daAuts
     D:3: 776 daAuts
     D:4: 725 daAuts
     D:5: 11 daAuts
